 Dungeon Crawl Stone Soup version 0.29.0-4-gdea44cf6ec (webtiles) character file.

Game seed: 15938866308696292621

1034 qw the Cleaver (level 8, 1/1 (48) HPs)
             Began as a Tengu Warper on Aug 28, 2022.
             Tarried too long and was consumed by Zot
             ... on level 4 of the Dungeon.
             The game lasted 00:03:08 (36674 turns).

qw the Cleaver (Tengu Warper)                      Turns: 36674, Time: 00:03:08

HP:   1/1 (48)      AC:  8    Str: 14    XL:     8   Next: 24%
MP:   12/12         EV: 14    Int: 14    God:
Gold: 305           SH:  0    Dex: 13    Spells: 11/11 levels left

rFire   . . .      SeeInvis .   Y - +0 war axe
rCold   . . .      Faith    .   (no shield)
rNeg    + . .      Spirit   +   b - +3 ring mail of Eternity {Fly rN+ Will- Slay+3}
rPois   .          Reflect  .   (helmet restricted)
rElec   .          Harm     .   (no cloak)
rCorr   +          Rampage  .   (no gloves)
Will    .....                   (boots unavailable)
Stlth   +.........              m - amulet of guardian spirit
HPRegen 0.01/turn               j - ring of resist corrosion
MPRegen 0.13/turn               (no ring)

@: flying quickly and evasively, extremely drained, bezotted and risking death,
quick
A: beak, talons 3, nimble flight
a: no special abilities


You were on level 4 of the Dungeon.
You visited 2 branches of the dungeon, and saw 6 of its levels.
You also visited: Sewer.

You collected 375 gold pieces.
You spent 70 gold pieces at shops.


Innate Abilities, Weirdness & Mutations

You have a beak for a mouth.
You have claws for feet.
Your magical nature lets you fly swiftly and evasively.


   Skills:
 - Level 4.2 Fighting
 + Level 9.0 Axes
 - Level 1.0 Throwing
 - Level 1.1 Armour
 - Level 3.9 Dodging
 - Level 2.0 Spellcasting
 - Level 2.4 Translocations


You had 11 spell levels left.
You didn't know any spells.
Your spell library contained the following spells:

 Spells                   Type           Power      Damage    Failure   Level
 Blink                    Tloc           16%        N/A       28%         2
 Gell's Gravitas          Tloc           8%         N/A       50%         3
 Lesser Beckoning         Tloc           8%         N/A       50%         3
 Teleport Other           Tloc           8%         N/A       50%         3
 Manifold Assault         Tloc           8%         N/A       99%         5

Inventory:

Hand Weapons
 d - a +0 whip
 Y - a +0 war axe (weapon)
Missiles
 e - 2 boomerangs (quivered)
Armour
 b - the +3 ring mail of Eternity (worn) {Fly rN+ Will- Slay+3}
   (You found it on level 3 of the Dungeon)

   Slay:      It affects your accuracy & damage with ranged weapons and melee
   (+3).
   rN:        It protects you from negative energy.
   Fly:       It grants you flight.
   Will:      It decreases your willpower.
 h - the +1 scale mail of the Desert {rF- Will++}
   (You found it on level 2 of the Dungeon)

   rF:        It makes you vulnerable to fire.
   Will:      It greatly increases your willpower.
Jewellery
 j - a ring of resist corrosion (left hand)
 m - an amulet of guardian spirit (around neck)
Wands
 i - a wand of digging (5)
Scrolls
 a - 5 scrolls of identify
 l - a scroll of enchant armour
Potions
 c - a potion of might
 f - a potion of curing
 g - a potion of heal wounds
 k - a potion of mutation

Dungeon Overview and Level Annotations

Branches:
Dungeon (5/15) Zot: 0! Temple (1/1) D:4 Sewer (visited) You are so drained that the power of Zot will kill you!

Altars:
Ashenzari
Dithmenos
Elyvilon
Fedhas
Gozag
Kikubaaqudgha
Nemelex Xobeh
Qazlal
Sif Muna
Trog
Uskayaw
Wu Jian

Shops:
D:1 *

Annotations:
D:5 2 transporters, qw's ghost, novice TeWr


Message History

There is an open door here.
There is a staircase to the Ecumenical Temple here.
There is an open door here.
There is an escape hatch in the floor here.
There is an open door here.
There is an open door here.
There is a stone staircase leading down here.
Things that are here:
a +2 robe of positive energy; a +0 halberd
There is an open door here.
There is an open door here.
There is an escape hatch in the floor here.
There is an open door here.
There is an open door here.
There is a stone staircase leading down here.
There is a stone staircase leading down here.
There is a stone staircase leading down here.
Things that are here:
a +2 robe of positive energy; a +0 halberd
There is an open door here.
There is a staircase to the Ecumenical Temple here.
There is an open door here.
There is a stone staircase leading down here.
Things that are here:
a +2 robe of positive energy; a +0 halberd Zot has nearly found you.
Death is approaching.
Descend or flee this branch!
Things that are here:
a +2 robe of positive energy; a +0 halberd
There is a stone staircase leading down here.
Things that are here:
a +2 robe of positive energy; a +0 halberd
There is an open door here.
There is a staircase to the Ecumenical Temple here.
There is an open door here.
There is a stone staircase leading down here.
Things that are here:
a +2 robe of positive energy; a +0 halberd
There is an open door here.
Zot excises you from existence.
You die...

##...####..........# #.##.
#.......+..........#######....
##...####..................###
###.######.......#####..####
#......# ##.....## #.##
#...##.# ##...## #.# ###
#..###.# ##'## #.###.##
#..###.# #.# #......# #......#
#@# #####.## ##.##### ##.##
#.# #.##### ##...## #.#
#.....# #.....# #.#
#####.#####....# #.#
#...........##########.#
##.######.#............# ###
#..############# #.##


There were no monsters in sight!

Vanquished Creatures
  Sigmund (D:5)
  Pargi (Sewer)
  A sky beast (D:3)
  A centaur (D:5)
  A phantom (D:5)
  Blork the orc (D:4)
  A scorpion (D:4)
  A hound (D:5)
  2 gnoll boudas
  Terence (D:2)
  Jessica (D:2)
  An iguana (D:5)
  An orc wizard (D:4)
  6 adders
  6 gnolls
  A shadow imp (D:5)
  3 ufetubi
  A worm (D:4)
  2 dart slugs
  7 orcs
  7 ball pythons
  6 endoplasms
  2 giant cockroaches
  11 goblins
  3 hobgoblins
  3 jackals
  6 kobolds
  2 quokkas (D:1)
  6 bats
  3 frilled lizards (D:1)
  9 rats
98 creatures vanquished.

Vanquished Creatures (others)
  4 plants (D:2)
4 creatures vanquished.

Grand Total: 102 creatures vanquished

Notes
Turn   | Place    | Note
-------+----------+-------------------------------------------
     0 | D:1      | qw the Tengu Warper began the quest for the Orb.
     0 | D:1      | Reached XP level 1. HP: 12/12 MP: 4/4
     0 | D:1      | 0 ||| qw: Version: 0.1-a-89-g26bdef1
     0 | D:1      | 0 ||| qw: Game counter: 2095
     0 | D:1      | 0 ||| qw: Always use a shield: true
     0 | D:1      | 0 ||| qw: God list: Okawaru
     0 | D:1      | 0 ||| qw: Allow faded altars: false
     0 | D:1      | 0 ||| qw: Do Orc after D:15 true
     0 | D:1      | 0 ||| qw: Do second Lair branch before Depths: true
     0 | D:1      | 0 ||| qw: Lair rune preference: random
     0 | D:1      | 0 ||| qw: Plans: Normal
     0 | D:1      | 0 ||| PLANNING D:1-11
    18 | D:1      | 18 ||| Stepping ~*~*~tactically~*~*~ (stealth).
    20 | D:1      | 20 ||| Stepping ~*~*~tactically~*~*~ (stealth).
    21 | D:1      | 21 ||| Stepping ~*~*~tactically~*~*~ (stealth).
    22 | D:1      | 22 ||| Stepping ~*~*~tactically~*~*~ (stealth).
    23 | D:1      | 23 ||| Stepping ~*~*~tactically~*~*~ (stealth).
   145 | D:1      | Reached skill level 3 in Axes
   145 | D:1      | Reached XP level 2. HP: 17/17 MP: 6/6
   201 | D:1      | 201 ||| DROPPING +0 club.
   413 | D:1      | Found Lucopidy's General Store.
   416 | D:1      | 416 ||| SHOPLISTING potion of haste (140 gold, have 70).
   416 | D:1      | 416 ||| BUYING potion of heal wounds (70 gold).
   416 | D:1      | Bought a potion of heal wounds for 70 gold pieces
   416 | D:1      | 416 ||| SHOPLISTING scroll of identify (28 gold, have 0).
   546 | D:1      | Reached XP level 3. HP: 21/21 MP: 7/7
   623 | D:1      | 623 ||| UPGRADING to +2 robe of positive energy.
   633 | D:1      | 633 ||| DROPPING +0 leather armour.
   634 | D:1      | 634 ||| UPGRADING to +0 ring mail.
   644 | D:1      | 644 ||| DROPPING +2 robe of positive energy.
   645 | D:1      | 645 ||| READING scroll labelled IGIHIE QAQIL.
   646 | D:1      | 646 ||| READING scroll labelled JOXKAXK NISUE.
   647 | D:1      | 647 ||| DRINKING 2 dark potions.
   648 | D:1      | 648 ||| DROPPING scroll of blinking.
   649 | D:1      | 649 ||| DROPPING potion of degeneration.
   771 | D:2      | Noticed Jessica
   779 | D:2      | Killed Jessica
   780 | D:2      | Reached skill level 4 in Axes
   819 | D:2      | Reached XP level 4. HP: 17/26 MP: 8/8
   943 | D:2      | Identified the +1 scale mail of the Desert {rF- Will++}
   979 | D:2      | Found a faded altar of an unknown god.
  1084 | D:2      | Noticed Terence
  1093 | D:2      | Killed Terence
  1094 | D:2      | Reached skill level 5 in Axes
  1482 | D:2      | 1482 ||| UPGRADING to +0 scale mail.
  1492 | D:2      | 1492 ||| DROPPING +0 ring mail.
  1493 | D:2      | 1493 ||| UPGRADING to +1 scale mail of the Desert {rF-
                  | Will++}.
  1503 | D:2      | 1503 ||| UPGRADING to amulet of guardian spirit.
  1508 | D:2      | 1508 ||| UPGRADING to ring of resist corrosion.
  1509 | D:2      | 1509 ||| READING 2 scrolls labelled OJAVINEFOUN.
  1510 | D:2      | 1510 ||| READING scroll labelled COTEICZ DEISTESOA.
  1511 | D:2      | 1511 ||| READING scroll labelled OTIODUICV KOSU.
  1512 | D:2      | 1512 ||| DRINKING 2 coppery potions.
  1513 | D:2      | 1513 ||| DROPPING potion of magic.
  1624 | D:3      | Noticed a sky beast
  1640 | D:3      | HP: 6/26 [sky beast (3)]
  1641 | D:3      | 1641 ||| DRINKING 2 potions of heal wounds.
  1651 | D:3      | HP: 3/26 [something (5)]
  1653 | D:3      | 1653 ||| DRINKING potion of heal wounds.
  1658 | D:3      | Killed a sky beast
  1659 | D:3      | Reached skill level 6 in Axes
  1659 | D:3      | Gained mutation: Your magical nature lets you fly swiftly
                  | and evasively. [Tengu growth]
  1659 | D:3      | Reached XP level 5. HP: 23/30 MP: 1/9
  1758 | D:3      | 1758 ||| Stepping ~*~*~tactically~*~*~ (hiding).
  1760 | D:3      | 1760 ||| Stepping ~*~*~tactically~*~*~ (hiding).
  1838 | D:3      | Identified the +3 ring mail of Eternity {Fly rN+ Will-
                  | Slay+3}
  2141 | D:3      | Reached XP level 6. HP: 33/35 MP: 7/10
  2322 | D:3      | 2322 ||| UPGRADING to +3 ring mail of Eternity {Fly rN+
                  | Will- Slay+3}.
  2332 | D:3      | 2332 ||| DROPPING +0 scale mail.
  2333 | D:3      | 2333 ||| READING 3 scrolls of identify.
  2333 | D:3      | 2333 ||| IDENTIFYING golden potion
  2334 | D:3      | 2334 ||| DROPPING potion of flight.
  2408 | D:4      | Found a staircase to the Ecumenical Temple.
  2409 | D:4      | 2409 ||| PLANNING TEMPLE
  2430 | D:4      | Reached skill level 7 in Axes
  2582 | Temple   | Entered the Ecumenical Temple
  2757 | Temple   | 2757 ||| PLANNING D:1-11
  2918 | D:4      | Noticed Blork the orc
  2919 | D:4      | 2919 ||| Stepping ~*~*~tactically~*~*~ (hiding).
  2920 | D:4      | 2920 ||| Stepping ~*~*~tactically~*~*~ (hiding).
  2936 | D:4      | Killed Blork the orc
  3140 | D:4      | 3140 ||| Stepping ~*~*~tactically~*~*~ (hiding).
  3147 | D:4      | Reached skill level 3 in Fighting
  3272 | D:4      | Found a hide-covered altar of Uskayaw.
  3313 | D:4      | 3313 ||| Stepping ~*~*~tactically~*~*~ (stealth).
  3317 | D:4      | 3317 ||| Stepping ~*~*~tactically~*~*~ (stealth).
  3320 | D:4      | 3320 ||| Stepping ~*~*~tactically~*~*~ (stealth).
  3417 | D:4      | Reached XP level 7. HP: 38/41 MP: 9/11
  3754 | D:4      | 3754 ||| READING scroll labelled VEXAYL PUATRI.
  3852 | D:4      | 3852 ||| READING 5 scrolls of identify.
  3852 | D:4      | 3852 ||| IDENTIFYING fizzy cyan potion
  3900 | D:4      | 3900 ||| Stepping randomly (stuck).
  3978 | D:5      | Entered Level 5 of the Dungeon
  3979 | D:5      | 3979 ||| PLANNING SEWER
  3979 | D:5      | 3979 ||| Stepping ~*~*~tactically~*~*~ (hiding).
  4148 | D:5      | Noticed Sigmund
  4149 | D:5      | 4149 ||| Stepping ~*~*~tactically~*~*~ (hiding).
  4154 | D:5      | Reached skill level 8 in Axes
  4158 | D:5      | Killed Sigmund
  4159 | D:5      | Reached skill level 3 in Dodging
  4193 | D:5      | Found a glowing drain.
  4194 | D:5      | 4194 ||| READING 4 scrolls of identify.
  4194 | D:5      | 4194 ||| IDENTIFYING silvery potion
  4203 | Sewer    | Entered a sewer
  4260 | Sewer    | Noticed Pargi
  4269 | Sewer    | Killed Pargi
  4302 | Sewer    | 4302 ||| READING scroll of enchant weapon.
  4302 | Sewer    | 4302 ||| ENCHANTING +1 hand axe.
  4324 | Sewer    | 4324 ||| READING 2 scrolls labelled HEYXOO DAUTOI.
  4325 | Sewer    | 4325 ||| READING scroll labelled ZOOT MAIMO.
  4330 | Sewer    | 4330 ||| READING 4 scrolls of identify.
  4330 | Sewer    | 4330 ||| IDENTIFYING murky clear potion
  4346 | D:5      | 4346 ||| PLANNING D:1-11
  4357 | D:5      | 4357 ||| READING scroll of enchant weapon.
  4357 | D:5      | 4357 ||| ENCHANTING +2 hand axe.
  4423 | D:5      | Found a transporter.
  4484 | D:5      | Found a transporter.
  4484 | D:5      | Noticed qw's ghost (novice TeWr)
  4486 | D:5      | Noticed a hornet
  4519 | D:5      | 4519 ||| Stepping ~*~*~tactically~*~*~ (hiding).
  4529 | D:5      | Reached XP level 8. HP: 36/46 MP: 10/12
  4574 | D:5      | 4574 ||| Stepping ~*~*~tactically~*~*~ (stealth).
  4594 | D:5      | 4594 ||| Stepping ~*~*~tactically~*~*~ (stealth).
  4597 | D:5      | 4597 ||| Stepping ~*~*~tactically~*~*~ (stealth).
  4603 | D:5      | Reached skill level 9 in Axes
  4618 | D:5      | 4618 ||| Stepping ~*~*~tactically~*~*~ (hiding).
  4619 | D:5      | 4619 ||| SWAPPING to +0 war axe.
  4624 | D:5      | 4624 ||| Stepping ~*~*~tactically~*~*~ (hiding).
  4768 | D:5      | 4768 ||| DROPPING +3 hand axe.
  5021 | D:5      | 5021 ||| READING scroll labelled PIEFEC HONYQ.
  5022 | D:5      | 5022 ||| READING scroll labelled IWELOE WAIFFI.
  5023 | D:5      | 5023 ||| Stepping randomly (stuck).
  5024 | D:5      | 5024 ||| Stepping ~*~*~tactically~*~*~ (cloud).
  5192 | D:4      | 5192 ||| Stepping randomly (stuck).
 32227 | D:4      | Glimpsed the power of Zot.
 32783 | D:4      | Glimpsed the power of Zot.
 33227 | D:4      | Glimpsed the power of Zot.
 33338 | D:4      | Touched by the power of Zot.
 33339 | D:4      | Glimpsed the power of Zot.
 33894 | D:4      | Glimpsed the power of Zot.
 34339 | D:4      | Glimpsed the power of Zot.
 34450 | D:4      | Touched by the power of Zot.
 34451 | D:4      | Glimpsed the power of Zot.
 35006 | D:4      | Glimpsed the power of Zot.
 35451 | D:4      | Glimpsed the power of Zot.
 35562 | D:4      | Touched by the power of Zot.
 35563 | D:4      | Glimpsed the power of Zot.
 36118 | D:4      | Glimpsed the power of Zot.
 36563 | D:4      | Glimpsed the power of Zot.
 36674 | D:4      | Tarried too long and was consumed by Zot

Levels and vault maps discovered:
D:1:      dpeg_arrival_rooms_a, layout_rooms, serial_shops,
          nicolae_shop_behind_doors
D:2:      layout_rooms, dreamdust_ecumenical_altar_statues, chequers_big_river,
          uniq_jessica, uniq_terence
D:3:      layout_loops_ring, kennysheep_boxes
D:4:      minmay_diamond_boxcup, layout_loops_corners,
          eat_drink_and_be_merry_uskayaw, nicolae_overflow_hidden_temple,
          minmay_temple_entry_glass, minmay_circle_x, uniq_blork_the_orc
D:5:      layout_loops_ring, portal_sewer_entry_a, gammafunk_ghost_hive,
          uniq_sigmund
Temple:   grunt_temple_mini_profane

Skill      XL: |  1  2  3  4  5  6  7  8 |
---------------+-------------------------+-----
Axes           | 3 4 6 7 8 9 |  9.0
Fighting       | 3 4 |  4.2
Dodging        | 3 |  3.9
Throwing       | |  1.0
Armour         | |  1.1
Spellcasting   | |  2.0
Translocations | |  2.4

Action                   |  1- 3 |  4- 6 |  7- 9 || total
-------------------------+-------+-------+-------++-------
Melee: Hand axe          |    61 |   118 |    42 ||   221
       Kick              |    11 |    26 |    19 ||    56
       Peck              |     3 |    12 |    10 ||    25
       Punch             |       |     1 |     1 ||     2
       War axe           |       |       |    22 ||    22
Throw: Boomerang         |    10 |    15 |    17 ||    42
  Use: Scroll            |     2 |     4 |    10 ||    16
       Potion            |     1 |     3 |       ||     4
Armor: Leather armour    |    11 |       |       ||    11
       Ring mail         |     3 |    11 |    16 ||    30
       Scale mail        |       |    26 |       ||    26
Dodge: Dodged            |    33 |    50 |    57 ||   140

Table legend:
 A = Non-vault XP
 B = Vault XP
 C = Vault XP percentage of total XP
 D = Non-vault monster count
 E = Vault monster count
 F = Vault count percentage of total count
                 A         B        C        D         E       F
            +---------+---------+-------+---------+---------+-------
      Total |     812 |     666 |  45.1 |      73 |      25 |  25.5
            +---------+---------+-------+---------+---------+-------
        D:1 |      36 |       0 |   0.0 |      24 |       0 |   0.0
        D:2 |      28 |      75 |  72.8 |      10 |       2 |  16.7
        D:3 |     183 |       0 |   0.0 |      16 |       0 |   0.0
        D:4 |      97 |     232 |  70.5 |       6 |      16 |  72.7
        D:5 |     468 |     217 |  31.7 |      17 |       4 |  19.0
      Sewer |       0 |     142 | 100.0 |       0 |       3 | 100.0
            +---------+---------+-------+---------+---------+-------
